Map: Zen LE

Players

RuzEL

  • Race: Protoss Protoss
  • League: Platinum
  • Spawn Location: 7:00

ZergisOP - Winner!

  • Race: Protoss Protoss
  • League: Diamond
  • Spawn Location: 1:00

VOD

Have the link to the VOD?

Description

Time

  • Played on: Jan. 25, 2020, 11:43 a.m.
  • Length: 8:32
Show
View Real Time Build Order
Export as new Build Order

RuzEL Protoss 

Build Orders: 1 Gate Expand 

Get SALT Encoding   

  12  0:01  Probe (Chrono Boost)  
  13  0:10  Probe (Chrono Boost)  
  14  0:18  Probe  
  15  0:23  Pylon  
  15  0:35  Assimilator  
  15  0:41  Probe  
  16  0:44  Gateway  
  16  0:53  Probe  
  17  1:05  Probe  
  18  1:17  Probe  
  19  1:29  Probe  
  19  1:31  Cybernetics Core  
  20  1:44  Nexus  
  20  1:52  Probe (Chrono Boost)  
  21  1:54  Assimilator  
  22  2:01  Probe (Chrono Boost)  
  22  2:04  Pylon  
  22  2:06  Probe (Chrono Boost)  
  22  2:09  Warp Gate  
  23  2:20  Robotics Facility  
  23  2:28  Probe (Chrono Boost)  
  25  2:37  Probe (Chrono Boost)  
  25  2:40  Pylon  
  25  2:42  Probe (Chrono Boost)  
  26  2:54  Probe  
  26  2:56  Pylon  
  27  3:06  Probe  
  27  3:09  Immortal (Chrono Boost)  
  32  3:18  Probe  
  32  3:33  Probe (Chrono Boost)  
  33  3:40  Immortal (Chrono Boost)  
  33  3:41  Forge  
  33  3:43  Probe (Chrono Boost)  
  38  3:57  Gateway  
  38  4:00  Gateway  
  38  4:09  Stalker  
  40  4:18  Observer  
  40  4:22  Photon Cannon  
  40  4:23  Photon Cannon  
  41  4:26  Probe (Chrono Boost)  
  42  4:36  Probe (Chrono Boost)  
  44  4:40  Probe (Chrono Boost)  
  44  4:42  Pylon  
  45  4:46  Probe (Chrono Boost)  
  45  4:47  Probe (Chrono Boost)  
  45  4:51  Stalker  
  45  4:52  Probe (Chrono Boost)  
  48  4:55  Immortal  
  48  4:58  Probe  
  54  5:02  Assimilator  
  54  5:07  Probe  
  55  5:11  Probe  
  55  5:12  Pylon  
  56  5:15  Pylon  
  56  5:18  Sentry  
  56  5:19  Probe  
  56  5:20  Sentry  
  61  5:23  Probe (Chrono Boost)  
  61  5:25  Robotics Bay  
  61  5:28  Stalker  
  64  5:31  Assimilator  
  64  5:35  Probe (Chrono Boost)  
  65  5:37  Immortal (Chrono Boost)  
  69  5:49  Pylon  
  69  5:54  Stalker  
  69  5:55  Stalker  
  73  6:02  Pylon  
  73  6:04  Pylon  
  71  6:16  Stalker  
  67  6:28  Zealot x2  
  46  6:40  Zealot  
  47  6:48  Zealot, Photon Cannon  
  47  6:50  Photon Cannon  
  46  6:55  Zealot  
  26  7:08  Zealot x2  
  30  7:23  Stalker  
  30  7:37  Stalker x2  
  28  7:40  Immortal  
Show
View Real Time Build Order
Export as new Build Order

ZergisOP Protoss - Winner!

Build Orders:  

Get SALT Encoding   

  12  0:02  Probe  
  13  0:19  Probe  
  14  0:24  Pylon  
  14  0:31  Probe (Chrono Boost)  
  14  0:35  Assimilator  
  16  0:44  Probe (Chrono Boost)  
  16  0:49  Probe (Chrono Boost)  
  17  0:58  Probe  
  18  1:19  Nexus  
  18  1:26  Probe  
  19  1:39  Gateway  
  19  1:46  Probe  
  20  1:49  Gateway  
  20  1:53  Pylon  
  20  1:58  Probe  
  21  2:09  Gateway  
  21  2:10  Probe (Chrono Boost)  
  22  2:22  Probe (Chrono Boost)  
  23  2:27  Cybernetics Core  
  23  2:28  Probe (Chrono Boost)  
  24  2:31  Gateway  
  24  2:37  Probe  
  24  2:43  Probe  
  26  2:47  Zealot  
  26  2:49  Probe  
  29  2:52  Zealot  
  29  2:55  Probe  
  32  3:06  Twilight Council  
  32  3:11  Warp Gate (Chrono Boost)  
  32  3:15  Stalker  
  32  3:18  Zealot  
  36  3:28  Probe  
  37  3:36  Gateway, Charge (Chrono Boost)  
  37  3:40  Probe  
  38  3:42  Pylon  
  38  3:45  Zealot  
  38  3:48  Zealot  
  42  3:54  Stalker  
  44  4:02  Robotics Facility  
  44  4:03  Gateway  
  44  4:14  Zealot  
  44  4:15  Zealot  
  48  4:24  Zealot  
  50  4:50  Gateway  
  50  4:53  Zealot  
  50  4:54  Stalker  
  50  4:57  Pylon  
  54  5:00  Pylon  
  54  5:02  Pylon  
  54  5:09  Gateway  
  54  5:12  Warp Prism (Chrono Boost)  
  54  5:20  Zealot  
  54  5:21  Stalker x2  
  60  5:22  Zealot x2  
  66  5:41  Observer, Pylon  
  66  5:42  Zealot  
  69  5:43  Zealot  
  69  5:44  Zealot  
  69  5:45  Zealot  
  69  5:46  Stalker  
  77  6:05  Zealot x2  
  77  6:06  Zealot  
  77  6:08  Zealot  
  79  6:12  Warp Prism  
  63  6:28  Zealot  
  63  6:29  Zealot x3  
  63  6:30  Zealot  
  63  6:31  Zealot x2  
  57  7:02  Zealot x2  
  57  7:03  Zealot x3  
  57  7:04  Stalker  
  57  7:05  Stalker  
  61  7:22  Zealot  
  61  7:23  Stalker  
  61  7:24  Zealot  
  61  7:25  Zealot  
  63  7:30  Zealot  
  63  7:31  Zealot  
  63  7:32  Zealot  
  59  7:39  Warp Prism  
  59  8:01  Zealot x2  
  59  8:02  Zealot, Stalker  
  59  8:03  Stalker x2  
  59  8:04  Zealot  
  67  8:27  Nexus  
Tags
 
Matchup
PvP
Spawn Locations
Cross Positions
Add a new tag
Caveats
  • Supply blocks, unpowered buildings, or Contaminate may cause inaccurate times.
  • Supply counts are checked every 10 seconds.